 Dungeon Crawl Stone Soup version 0.30.1-4-g462c640d31 (webtiles) character file.

Game seed: 778811530383584488

3970 Destapler the Trooper (level 10, -4/126 HPs)
             Began as a Grey Draconian Transmuter on Aug 16, 2023.
             Was a Priest of Sif Muna.
             Slain by a killer bee (7 damage)
             ... on level 7 of the Dungeon.
             The game lasted 00:42:14 (8319 turns).

Destapler the Trooper (Grey Draconian Transmuter)   Turns: 8319, Time: 00:42:14

Health: -4/126     AC: 25    Str: 17    XL:     10   Next: 2%
Magic:  17/17      EV:  2    Int: 17    God:    Sif Muna [***...]
Gold:   885        SH:  0    Dex: 16    Spells: 13/19 levels left

rFire   . .          .
                       - Unarmed
rCold   . . .        (no shield)
rNeg    . . .        (body armour unavailable)
rPois   +            (helmet currently unavailable)
rElec   .            e - melded scarf {rC+ rF+}
rCorr   .            (gloves currently unavailable)
SInv    .            s - melded +0 pair of boots
Will    +....        (no amulet)
Stlth   ++           o - +6 ring of strength
HPRegen 0.41/turn    A - ring of willpower
MPRegen 0.15/turn

%: no passive effects
@: tree-form, attractive
A: stationary, stasis, torment immunity, boosted hp, AC +12, (amphibious),
unfitting armour, (cold-blooded), (stinger 1), agile 1
a: Renounce Religion, Channel Magic, Forget Spell


You were on level 7 of the Dungeon.
You worshipped Sif Muna.
Sif Muna was most pleased with you.
You were a tree.
You visited 1 branch of the dungeon, and saw 7 of its levels.
You also visited: Bailey.

You collected 885 gold pieces.

Inventory:

Missiles
 c - 14 boomerangs
 p - 17 poisoned darts
 u - a silver boomerang
Armour
 e - a scarf of resistance (melded)
 s - a +0 pair of boots (melded)
Jewellery
 o - a +6 ring of strength (left branch)
 r - a ring of protection from cold
 A - a ring of willpower (right branch)
 C - a ring of protection from fire
Wands
 n - a wand of paralysis (3)
 w - a wand of flame (20)
Scrolls
 f - 2 scrolls of vulnerability {unknown}
 h - 9 scrolls of identify {unknown}
 i - 2 scrolls of enchant weapon {unknown}
 j - a scroll of amnesia {unknown}
 k - 2 scrolls of poison {unknown}
 t - 3 scrolls of fear {unknown}
 v - a scroll of acquirement {unknown}
 y - a scroll of fog {unknown}
 z - 3 scrolls of enchant armour {unknown}
 B - 2 scrolls of teleportation {unknown}
 D - a scroll of immolation {unknown}
Potions
 b - a potion of degeneration {unknown}
 d - a potion of attraction
 g - a potion of resistance {unknown}
 l - 6 potions of curing
 m - a potion of mutation
 q - 5 potions of flight
 E - a potion of might {unknown}


   Skills:
 + Level 6.5 Fighting
 + Level 6.1 Dodging
 - Level 3.0 Stealth
 + Level 6.3 Unarmed Combat
 - Level 5.0 Spellcasting
 - Level 5.0 Transmutations
 - Level 2.0 Ice Magic
 - Level 2.0 Poison Magic
 - Level 5.0 Invocations
 - Level 3.0 Evocations


You had 13 spell levels left.
You knew the following spells:

 Your Spells              Type           Power      Damage    Failure   Level
a - Beastly Appendage     Tmut           42%        N/A       1%          1
b - Wereblood             Tmut           21%        N/A       2%          2
c - Spider Form           Tmut/Pois      16%        N/A       10%         3

Your spell library contained the following spells:

 Spells                   Type           Power      Damage    Failure   Level
 Passwall                 Tmut/Erth      10%        N/A       8%          2
 Sandblast                Erth           8%         2d5       14%         1
 Ensorcelled Hibernation  Hex/Ice        14%        N/A       14%         2
 Sublimation of Blood     Necr           4%         N/A       22%         2
 Ice Form                 Ice/Tmut       16%        N/A       32%         4
 Stone Arrow              Conj/Erth      8%         3d7       38%         3
 Petrify                  Tmut/Erth      12%        N/A       45%         4
 Anguish                  Hex/Necr       2%         N/A       80%         4
 Irradiate                Conj/Tmut      6%         3d13      80%         5


Dungeon Overview and Level Annotations

Branches:
Dungeon (7/15)             Temple (0/1) D:7          Bailey (visited)

Altars:
Ashenzari
Makhleb
Sif Muna

Shops:
D:4 *


Innate Abilities, Weirdness & Mutations

You are a tree.
Your roots penetrate the ground, keeping you stationary.
You cannot be teleported.
You are immune to unholy pain and torment.
Your maximum health is greatly increased.
Your equipment is partially melded.
((Your dull iron-grey scales are very hard. (AC +12)))
((You are amphibious.))
You cannot fit into any form of body armour.
((You are cold-blooded and may be slowed by cold attacks.))
((Your tail ends in a venomous barb.))
You are agile. (Dex +4, Str/Int -1)


Message History

Unknown command.
You feel better.
The killer bee stings you but does no damage. x4
You closely miss the killer bee. You punch the killer bee.
The killer bee is moderately wounded.
The killer bee stings you.
* * * LOW HITPOINT WARNING * * *
The killer bee stings you but does no damage. x3
You barely miss the killer bee.
The killer bee is moderately wounded.
The killer bee stings you but does no damage.
The killer bee stings you.
* * * LOW HITPOINT WARNING * * *
The killer bee stings you but does no damage. x2
You hit the killer bee but do no damage.
The killer bee is moderately wounded.
The killer bee barely misses you.
The killer bee stings you but does no damage.
You hit the killer bee but do no damage.
Your punch misses the killer bee.
The killer bee is moderately wounded.
The killer bee stings you!
* * * LOW HITPOINT WARNING * * *
The killer bee stings you but does no damage.
The killer bee stings you.
* * * LOW HITPOINT WARNING * * *
The killer bee stings you but does no damage.
You are too injured to fight recklessly!
You are too injured to fight recklessly!
You are too injured to fight recklessly!
You are too injured to fight recklessly!
Okay, then.
It was a potion of mutation.
You feel extremely strange.
You feel agile.
A venomous barb forms on the end of your tail.
The killer bee stings you but does no damage. x4
It was a potion of attraction.
You feel attractive to monsters. The killer bee stings you!
You die...

.............#********,* *,,,,,,,
*#.#.#.#.#.#..,,,,,,,,,***,,,,,,,
#.....).....#********,,,,,,,,,,,
#.#.......#.### *,***,,,,,,,
#.............# ****,###,,,,,,,
#.#)..>...#.#.# *,,,...*,,,,,,,
#)).........#.# *,*#.##*,,,,,,,
#.#.......#...####*#...##,,,,,,,
##..............♣y##.....#*,,,,,,
#..#.#.#.#.#...##y#)......****,**
#†............###y)).._..y,,,,,*
#.############# ###.......*******
#.# *#.....#*,,,,,, #.#######
*#...##*,***** ........#
*#.##**,***** ........#
*...,,,,,,,, ........#
**###**,,,,,


You could see 3 killer bees.

Vanquished Creatures
  An orc knight (Bailey)
  Sigmund (D:4)
  2 steam dragons
  A water moccasin (D:5)
  7 orc warriors (Bailey)
  2 black bears
  An ice beast (D:5)
  An ogre (D:6)
  A centaur (D:6)
  4 phantoms
  Blork the orc (D:6)
  2 kobold brigands
  A bullfrog (D:6)
  A gnoll sergeant (D:7)
  A scorpion (D:7)
  4 wights (D:7)
  3 killer bees (D:7)
  A howler monkey (D:6)
  A jelly (D:6)
  A hound (D:7)
  5 orc priests
  Jessica (D:2)
  A gnoll bouda (D:6)
  An iguana (D:5)
  Natasha (thrice) (D:4)
  4 orc wizards
  Ijyb (D:4)
  12 gnolls
  9 adders
  2 shadow imps (D:5)
  A white imp (D:7)
  2 ufetubi (D:5)
  2 worms
  3 dart slugs
  31 orcs
  8 endoplasms
  9 giant cockroaches
  8 goblins
  12 hobgoblins
  8 jackals
  22 kobolds
  4 quokkas
  9 ball pythons
  6 bats
  5 frilled lizards
  3 rats
209 creatures vanquished.

Notes
Turn   | Place    | Note
-------+----------+-------------------------------------------
     0 | D:1      | Destapler the Draconian Transmuter began the quest for the
                  | Orb.
     0 | D:1      | Reached XP level 1. HP: 16/16 MP: 3/3
    99 | D:1      | Reached XP level 2. HP: 23/23 MP: 3/5
   139 | D:1      | Learned a level 2 spell: Wereblood
   324 | D:1      | Reached XP level 3. HP: 24/29 MP: 3/6
   674 | D:2      | Noticed Jessica
   688 | D:2      | Killed Jessica
   744 | D:2      | Reached XP level 4. HP: 36/36 MP: 4/7
  1819 | D:2      | Reached XP level 5. HP: 29/42 MP: 7/9
  2081 | D:3      | Found a shimmering blue altar of Sif Muna.
  2106 | D:3      | Became a worshipper of Sif Muna the Loreminder
  3094 | D:4      | Reached XP level 6. HP: 10/51 MP: 10/10
  3298 | D:4      | Reached skill level 1 in Ice Magic
  3298 | D:4      | Reached skill level 1 in Poison Magic
  3298 | D:4      | Reached skill level 1 in Invocations
  3314 | D:4      | Noticed Sigmund
  3348 | D:3      | Learned a level 3 spell: Spider Form
  3388 | D:4      | Killed Sigmund
  3389 | D:4      | Your scales start taking on a dull iron-grey colour.
  3389 | D:4      | Reached XP level 7. HP: 46/57 MP: 9/11
  3461 | D:4      | Noticed Ijyb
  3466 | D:4      | Killed Ijyb
  3483 | D:4      | Found a burning altar of Makhleb.
  3660 | D:4      | Reached * piety under Sif Muna
  3695 | D:4      | Noticed Natasha
  3706 | D:4      | Killed Natasha
  3719 | D:4      | Found Daotir's Lightly-Used Armoury.
  3780 | D:4      | Noticed Natasha
  3792 | D:4      | Killed Natasha
  3926 | D:4      | Noticed Natasha
  4298 | D:4      | Found a burning altar of Makhleb.
  4341 | D:4      | Killed Natasha
  4362 | D:5      | Entered Level 5 of the Dungeon
  4377 | D:4      | Found a burning altar of Makhleb.
  4836 | D:5      | Identified the +1 sling of a Thousand Ultimatums {freeze,
                  | rElec Str+2}
  4956 | D:5      | Reached XP level 8. HP: 40/67 MP: 10/12
  5359 | D:5      | Reached skill level 5 in Fighting
  5594 | D:5      | Reached skill level 5 in Transmutations
  5642 | D:6      | Reached skill level 5 in Dodging
  5722 | D:6      | Reached ** piety under Sif Muna
  5802 | D:6      | Reached skill level 5 in Unarmed Combat
  5806 | D:6      | Reached skill level 5 in Invocations
  5928 | D:6      | Paralysed by a kobold for 5 turns
  6176 | D:6      | Noticed Blork the orc
  6197 | D:6      | Killed Blork the orc
  6198 | D:6      | Reached XP level 9. HP: 30/74 MP: 6/15
  6504 | D:7      | Reached skill level 1 in Stealth
  6504 | D:7      | Reached skill level 1 in Evocations
  6519 | D:7      | Found a flagged portal.
  6587 | Bailey   | Entered a bailey
  6915 | Bailey   | Noticed an orc knight
  7416 | Bailey   | Killed an orc knight
  7958 | Bailey   | Identified the +5 ring mail "Dantof" {rC+}
  8016 | D:7      | Reached *** piety under Sif Muna
  8035 | D:7      | Found a staircase to the Ecumenical Temple.
  8055 | D:7      | Reached skill level 5 in Spellcasting
  8200 | D:7      | Found a broken altar of Ashenzari.
  8303 | D:7      | Reached XP level 10. HP: 33/84 MP: 17/17
  8317 | D:7      | HP: 2/126 [killer bee (6)]
  8318 | D:7      | Gained mutation: You are agile. (Dex +4, Str/Int -1)
                  | [potion of mutation]
  8318 | D:7      | Gained mutation: Your tail ends in a venomous barb. [potion
                  | of mutation]
  8319 | D:7      | Slain by a killer bee

Illustrated notes

Levels and vault maps discovered:
D:1:      nagdon_arrival_zigzag_paths, layout_rooms
D:2:      minmay_inner_zag, layout_basic, uniq_jessica
D:3:      layout_loops_corners, mainiacjoe_overflow_surrounded_room
D:4:      layout_loops_ring, mainiacjoe_overflow_paths, minmay_shop_damaged,
          kennysheep_small_spiral, uniq_ijyb, uniq_sigmund, uniq_natasha
D:5:      layout_loops_corners
D:6:      layout_gridville, st_stairs_9, uniq_blork_the_orc
D:7:      layout_basic, lemuel_round_altar, minmay_temple_entry_glass,
          enter_bailey_6, roderic_roman_lattice, hangedman_decor_diamond_cutter,
          kennysheep_generic_room_10, uniq_pikel

Skill      XL: |  1  2  3  4  5  6  7  8  9 |
---------------+----------------------------+-----
Dodging        | 2 3 4 5 6 |  6.1
Fighting       | 2 3 4 5 6 |  6.5
Transmutations | 3 4 5 |  5.0
Unarmed Combat | 4 5 6 |  6.3
Spellcasting   | 3 4 5 |  5.0
Ice Magic      | 1 2 |  2.0
Poison Magic   | 1 2 |  2.0
Invocations    | 1 3 5 |  5.0
Stealth        | 3 |  3.0
Evocations     | 3 |  3.0

Action                     |  1- 3 |  4- 6 |  7- 9 | 10-12 || total
---------------------------+-------+-------+-------+-------++-------
  Melee: Unarmed           |    61 |   180 |   435 |    14 ||   690
         Headbutt          |    12 |    16 |    80 |       ||   108
         Kick              |     8 |    41 |   117 |       ||   166
         Tailslap          |     7 |    11 |    64 |       ||    82
         Punch             |     1 |     4 |    16 |     1 ||    22
  Throw: Boomerang         |       |       |    34 |       ||    34
         Dart              |       |       |     7 |       ||     7
   Cast: Beastly Appendage |    16 |    37 |    52 |       ||   105
         Wereblood         |     2 |     3 |    13 |       ||    18
         Spider Form       |       |     2 |     3 |       ||     5
  Evoke: Wand              |       |       |    20 |       ||    20
    Use: Scroll            |       |       |     2 |       ||     2
         Potion            |       |       |     1 |     3 ||     4
   Stab: Sleeping          |       |     1 |       |       ||     1
 Armour: Skin              |    15 |    35 |   191 |    38 ||   279
  Dodge: Dodged            |    37 |    85 |   297 |     2 ||   421
